 Dungeon Crawl Stone Soup version 0.19-a0-1008-g4c63d25 (webtiles) character file.

11797 Arkorax the Fighter (level 12, -12/105 HPs)
             Began as a Formicid Fighter on July 22, 2016.
             Was a Priest of Dithmenos.
             Killed from afar by Azrael (36 damage)
             ... with damnation
             ... on level 12 of the Dungeon.
             The game lasted 00:15:26 (11333 turns).

Arkorax the Fighter (Formicid Fighter)             Turns: 11333, Time: 00:15:28

Health: -12/105    AC: 12    Str: 33    XL:     12   Next: 12%
Magic:  12/12      EV:  9    Int: 13    God:    Dithmenos [***...]
Gold:   245        SH: 13    Dex: 12    Spells: 0 memorised, 11 levels left

rFire  . . .     SeeInvis +     g - +3 broad axe "Kanevash" {freeze, rC+ Int+3}
rCold  + . .     Gourm    .     E - +0 chain mail
rNeg   + . .     Faith    .     c - +0 shield
rPois  .         Spirit   .     (helmet unavailable)
rElec  .         Dismiss  .     q - +2 cloak of Afihegej {Str+3 Int+3}
rCorr  .         Reflect  .     (no gloves)
SustAt +         Harm     .     (no boots)
MR     +....                    N - amulet of regeneration
Stlth  ..........               y - ring of positive energy
                                w - ring of sustain attributes

@: mighty, wreathed by umbra, somewhat resistant to hostile enchantments,
extremely unstealthy
A: permanent stasis, dig shafts and tunnels, four strong arms, antennae 3,
deterioration 1
a: Dig, Shaft Self, Shadow Step, Renounce Religion


You were on level 12 of the Dungeon.
You worshipped Dithmenos.
Dithmenos was most pleased with you.
You were not hungry.

You visited 3 branches of the dungeon, and saw 15 of its levels.

You collected 601 gold pieces.
You spent 356 gold pieces at shops.

Inventory:

Hand Weapons
 g - the +3 broad axe "Kanevash" (weapon) {freeze, rC+ Int+3}
   (You acquired it on level 9 of the Dungeon)

   It has been specially enchanted to freeze those struck by it, causing extra
   injury to most foes and up to half again as much damage against particularly
   susceptible opponents.
   It can also slow down cold-blooded creatures.
   It affects your intelligence (+3).
   It protects you from cold.
 k - a +2 whip of distortion
 O - a +0 hand crossbow
Armour
 c - a +0 shield (worn)
 q - the +2 cloak of Afihegej (worn) {Str+3 Int+3}
   (You found it on level 4 of the Dungeon)

   It affects your strength (+3).
   It affects your intelligence (+3).
 E - a +0 chain mail (worn)
Jewellery
 w - a ring of sustain attributes (left hand)
 x - an uncursed ring of flight
 y - a ring of positive energy (right hand)
 N - an amulet of regeneration (around neck)
Wands
 b - a wand of enslavement (11/24)
 n - a wand of polymorph (12/24)
 K - a wand of acid (11/15)
 L - a wand of acid (7/15)
 M - a wand of slowing (26/48)
Scrolls
 e - 3 scrolls of amnesia
 h - 4 scrolls of teleportation
 l - 2 scrolls of immolation {unknown}
 m - 2 scrolls of magic mapping {unknown}
 o - 3 scrolls of identify
 r - 5 scrolls of fog
 s - 2 scrolls of remove curse
 t - 2 scrolls of noise {unknown}
 v - a scroll of enchant weapon {unknown}
 P - a scroll of enchant armour {unknown}
Potions
 a - 3 potions of curing
 d - 2 potions of might
 j - 2 potions of lignification
 p - a potion of flight {unknown}
 u - 2 potions of heal wounds {unknown}
 z - 5 potions of haste {unknown}
 A - 2 potions of brilliance {unknown}
 B - 2 potions of mutation {unknown}
 D - a potion of invisibility {unknown}
 G - 2 potions of magic {unknown}
 H - 2 potions of berserk rage {unknown}
 J - a potion of cancellation {unknown}
Comestibles
 f - a beef jerky
 i - a bread ration
 C - 10 fruits
 F - a meat ration
 I - a slice of pizza


   Skills:
 * Level 13.0 Fighting
 * Level 11.6 Axes
 + Level 4.8 Armour
 - Level 9.8 Shields


You had 11 spell levels left.
You didn't know any spells.

Dungeon Overview and Level Annotations

Branches:
Dungeon (13/15)            Temple (1/1) D:4            Lair (2/6) D:8
  Swamp: Lair:2-4    Shoals: Lair:2-4     Snake: Lair:2-4    Spider: Lair:2-4
    Orc: D:9-12      Vaults: D:13-14

Altars:
Ashenzari
Cheibriados
Dithmenos
Fedhas
Gozag
Kikubaaqudgha
Pakellas
Qazlal
Ru
Sif Muna
Trog
Xom
Yredelemnul
Zin

Shops:
D:6 *(

Portals:
Trove: D:13 (give +7 demon blade)

Annotations:
D:9 exclusion: door
D:12 Azrael


Innate Abilities, Weirdness & Mutations

You are under a permanent stasis effect.
You can dig through walls and to a lower floor.
Your four strong arms can wield two-handed weapons with a shield.
You have a pair of large antennae on your head. (SInv)
Your body sometimes deteriorates upon taking damage.


Message History

Unknown command.
You barely miss Azrael.
Azrael hits you with a scimitar of flaming!
* * * LOW HITPOINT WARNING * * *
Azrael burns you.
* * * LOW HITPOINT WARNING * * *
Unknown command.
You are too injured to fight recklessly!
Unknown command.
You are too injured to fight recklessly!
Unknown command.
You are too injured to fight recklessly!
Unknown command.
You are too injured to fight recklessly!
You are too injured to fight recklessly!
You slash Azrael! You freeze Azrael.
Azrael is moderately wounded.
Azrael gestures at you.
The sphere of damnation explodes!
The damnation engulfs you!
You die...

{ ....#
....# ....#
....###
##+#.§§§§§.
#...§§E§§§§
#..§§§E§§§§
#R##..#####
#@# ..# #.#
..# #.# ..#
... ... ...
.... ....#
....#
)....#


You could see Azrael.

Vanquished Creatures
  A hydra (Lair:1)
  A black mamba (Lair:1)
  A centaur zombie (D:13)
  2 spiny frogs
  Psyche (D:8)
  A centaur skeleton (D:10)
  An efreet (D:13)
  3 komodo dragons
  3 trolls
  Sigmund (D:3)
  3 yaks (D:9)
  5 fire elementals (D:12)
  A mottled dragon (D:13)
  Menkaure (D:7)
  Edmund (D:6)
  A hungry ghost (D:7)
  A soldier ant (shapeshifter) (D:13)
  4 water moccasins (Lair:1)
  2 hell hounds (D:12)
  4 porcupines (Lair:1)
  2 sky beasts
  2 ice beasts
  A black bear (D:7)
  An eye of draining (D:9)
  A phantom (D:9)
  3 ogres
  4 wolves (Lair:1)
  6 centaurs
  A crocodile (Lair:1)
  8 giant frogs
  A wyvern zombie (D:13)
  4 scorpions
  23 killer bees
  A howler monkey (D:5)
  4 crimson imps
  A giant frog zombie (D:6)
  A quasit (D:4)
  A wasp zombie (D:6)
  3 hounds
  3 jellies
  Crazy Yiuf (D:7)
  2 orc wizards
  4 orc priests
  4 iguanas
  7 worker ants
  A hound skeleton (D:5)
  A worker ant zombie (D:5)
  3 gnolls (D:5)
  12 adders
  2 oozes
  An adder zombie (D:5)
  2 adder skeletons
  2 worms
  5 dart slugs
  6 giant geckos
  17 orcs
  5 bats
  3 giant cockroaches
  2 gnoll zombies (D:4)
  4 goblins
  4 hobgoblins
  3 jackals (D:2)
  6 kobolds
  3 quokkas
  A giant gecko skeleton (D:9)
  A giant gecko zombie (D:5)
  3 giant newts
  2 quokka skeletons
  A quokka zombie (D:5)
  3 rats
  2 fungi (Lair:1)
222 creatures vanquished.

Vanquished Creatures (others)
  An orc wizard (D:5)
1 creature vanquished.

Grand Total: 223 creatures vanquished

Notes
Turn   | Place    | Note
-------+----------+-------------------------------------------
     0 | D:1      | Arkorax the Formicid Fighter began the quest for the Orb.
     0 | D:1      | Reached XP level 1. HP: 18/18 MP: 1/1
   135 | D:1      | Reached XP level 2. HP: 20/24 MP: 2/2
   601 | D:2      | Reached XP level 3. HP: 28/30 MP: 3/3
   699 | D:2      | Reached skill level 4 in Fighting
  1263 | D:2      | Reached XP level 4. HP: 37/37 MP: 4/4
  1407 | D:3      | Noticed a giant frog
  1413 | D:3      | Killed a giant frog
  1413 | D:3      | Reached XP level 5. HP: 40/43 MP: 5/5
  1490 | D:3      | Noticed Sigmund
  1749 | D:3      | Killed Sigmund
  1749 | D:3      | Reached skill level 5 in Fighting
  1749 | D:3      | Reached XP level 6. HP: 38/51 MP: 6/6
  2141 | D:3      | Reached skill level 5 in Shields
  2141 | D:3      | Reached XP level 7. HP: 57/57 MP: 7/7
  2680 | D:4      | Got a faintly humming cloak
  2686 | D:4      | Identified the +2 cloak of Afihegej {Str+3 Int+3} (You found it on level 4 of the Dungeon)
  2812 | D:4      | Reached skill level 6 in Fighting
  2854 | D:4      | Found a staircase to the Ecumenical Temple.
  2977 | Temple   | Entered the Ecumenical Temple
  3051 | Temple   | Became a worshipper of Dithmenos the Shadowed
  3183 | D:4      | Found a basalt altar of Yredelemnul.
  3307 | D:4      | Reached skill level 5 in Axes
  3347 | D:4      | Found a sacrificial altar of Ru.
  3347 | D:4      | Found an ancient bone altar of Kikubaaqudgha.
  3356 | D:5      | Entered Level 5 of the Dungeon
  3715 | D:5      | Reached XP level 8. HP: 64/65 MP: 8/8
  3777 | D:5      | Reached skill level 7 in Fighting
  4231 | D:5      | Found a snail-covered altar of Cheibriados.
  4295 | D:6      | Noticed Edmund
  4310 | D:6      | Killed Edmund
  4327 | D:6      | Reached * piety under Dithmenos
  4334 | D:6      | Reached skill level 8 in Fighting
  4484 | D:6      | Found an opulent altar of Gozag.
  4485 | D:6      | Found Gozag's Platinum Reserve.
  4507 | D:6      | Found Essul's Antique Weapon Shop.
  4515 | D:6      | Reached XP level 9. HP: 67/74 MP: 9/9
  4805 | D:7      | Reached skill level 9 in Fighting
  5038 | D:7      | Noticed Menkaure
  5045 | D:7      | Killed Menkaure
  5739 | D:7      | Found a runed door.
  5743 | D:7      | Noticed Crazy Yiuf
  5747 | D:7      | Killed Crazy Yiuf
  5829 | D:8      | Noticed Psyche
  5839 | D:8      | Killed Psyche
  5839 | D:8      | Reached skill level 10 in Fighting
  5839 | D:8      | Reached XP level 10. HP: 71/85 MP: 8/10
  6141 | D:8      | Found a staircase to the Lair.
  6260 | D:8      | Reached ** piety under Dithmenos
  7515 | D:9      | Reached skill level 11 in Fighting
  7754 | D:9      | Identified a scroll of acquirement
  7757 | D:9      | Got a steaming broad axe
  7758 | D:9      | Identified the +3 broad axe "Kanevash" {freeze, rC+ Int+3} (You acquired it on level 9 of the Dungeon)
  7889 | D:10     | Entered Level 10 of the Dungeon
  8108 | D:6      | Bought an encrusted great sword for 356 gold pieces
  8108 | D:6      | Identified the cursed +1 great sword of Shame {slice, *Contam rElec rPois Str+2} (You bought it in a shop on level 6 of the Dungeon)
  8147 | D:6      | Gained mutation: Your body sometimes deteriorates upon taking damage. [mutagenic glow]
  8222 | Lair:1   | Entered Level 1 of the Lair of Beasts
  8278 | Lair:1   | Reached XP level 11. HP: 19/93 MP: 11/11
  8703 | Lair:1   | Reached skill level 10 in Axes
  8966 | Lair:1   | Reached skill level 12 in Fighting
  9594 | Lair:1   | Noticed a four-headed hydra
  9601 | Lair:1   | Killed a six-headed hydra
 10439 | D:10     | You fall through a shaft for 3 floors!
 10610 | D:13     | Reached *** piety under Dithmenos
 11058 | D:13     | Found a portal to a secret trove of treasure.
 11262 | D:13     | Reached XP level 12. HP: 88/103 MP: 12/12
 11307 | D:12     | Noticed Azrael
 11330 | D:12     | Reached skill level 13 in Fighting
 11333 | D:12     | Killed from afar by Azrael

Vault maps used:
D:1:      onia_arrival_pentagram
D:3:      uniq_sigmund
D:4:      lemuel_zombie_altar_yredelemnul, gammafunk_temple_overflow_wave,
          first_bread
D:5:      kennysheep_little_box, grunt_ministairs_6,
          minmay_misc_feat_secret_circle
D:6:      serial_shops, shop, nicolae_gozag_zags_fifth_avenue, uniq_edmund
D:7:      uniq_menkaure, uniq_crazy_yiuf_cottage
D:8:      lair_0_dummy, uniq_psyche
D:9:      enter_bailey_2, david_nohive_1
D:10:     roderic_batcave, minivault_22
D:12:     kennysheep_orc_monster_closet_entryway, due_unseen_surprise,
          uniq_azrael
D:13:     enter_trove_2
Temple:   dpeg_five_rooms_temple
Lair:1:   nicolae_lair_grove_arrangements
Lair:2:   enter_volcano_4, portal_ice_cave_entry_pillars_2,
          minmay_guarded_unrand_chilly_death, uniq_urug

Skill      XL: |  1  2  3  4  5  6  7  8  9 10 11 12 |
---------------+-------------------------------------+-----
Fighting       | 4 5 6 8 10 11 12 13 | 13.0
Shields        | 4 5 6 7 9 |  9.8
Axes           | 3 4 5 6 8 9 11 | 11.6
Armour         | 4 |  4.8

Action                   |  1- 3 |  4- 6 |  7- 9 | 10-12 || total
-------------------------+-------+-------+-------+-------++-------
Melee: War axe           |    80 |    78 |   348 |   239 ||   745
       Broad axe         |       |       |       |   222 ||   222
 Abil: Dig               |       |       |     1 |       ||     1
  Use: Potion            |       |     1 |     2 |     6 ||     9
       Scroll            |       |       |       |     7 ||     7
  Eat: Chunk             |     1 |     1 |     1 |     4 ||     7
       Bread ration      |       |     1 |     3 |     2 ||     6
       Meat ration       |       |       |     1 |     1 ||     2
Armor: Scale mail        |    41 |    16 |   127 |     8 ||   192
       Chain mail        |       |       |       |   172 ||   172
       Skin              |       |       |       |    25 ||    25
Dodge: Dodged            |    30 |    15 |   122 |   137 ||   304
Block: Shield            |    43 |    36 |   208 |   291 ||   578
